 Dungeon Crawl Stone Soup version 0.24.0 (webtiles) character file.

Game seed: 2430011705758371270, levelgen mode: deterministic

1069 Ayyar the Cudgeler (level 8, -3/49 HPs)
             Began as a Gargoyle Fighter on Jan 31, 2020.
             Was a Follower of Okawaru.
             Slain by an ogre
             ... wielding a +0 giant club
              (8 damage)
             ... on level 6 of the Dungeon.
             The game lasted 00:16:17 (4970 turns).

Ayyar the Cudgeler (Gargoyle Fighter)               Turns: 4970, Time: 00:16:17

Health: -3/49      AC: 16    Str: 21    XL:     8   Next: 28%
Magic:  9/9        EV:  7    Int: 10    God:    Okawaru [*.....]
Gold:   201        SH: 10    Dex:  9    Spells: 7/7 levels left

rFire    . . .     SeeInvis .   a - +0 flail
rCold    . . .     Gourm    .   c - +0 shield
rNeg     + . .     Faith    .   b - +0 scale mail
rPois    ∞         Spirit   .   (no helmet)
rElec    +         Reflect  .   (no cloak)
rCorr    .         Harm     .   y - +2 pair of gloves
MR       .....                  (no boots)
Stlth    ..........             (no amulet)
HPRegen  0.16/turn              (no ring)
MPRegen  0.11/turn              (no ring)

@: no status effects
A: negative energy resistance 1, electricity resistance, unbreathing,
petrification resistance, rot immunity, AC +5
a: Heroism, Renounce Religion


You were on level 6 of the Dungeon.
You worshipped Okawaru.
Okawaru was aware of your devotion.
You were not hungry.

You visited 1 branch of the dungeon, and saw 6 of its levels.

You collected 201 gold pieces.

Inventory:

Hand Weapons
 a - a +0 flail (weapon)
Missiles
 o - a boomerang of dispersal
 s - 6 poisoned darts (quivered)
Armour
 b - a +0 scale mail (worn)
 c - a +0 shield (worn)
 y - a +2 pair of gloves (worn)
Wands
 g - a wand of polymorph (7)
 r - a wand of acid (4)
Scrolls
 e - a scroll of noise {unknown}
 h - a scroll of blinking {unknown}
 i - 2 scrolls of magic mapping {unknown}
 j - 4 scrolls of remove curse
 p - 2 scrolls of amnesia {unknown}
 q - a scroll of enchant armour {unknown}
 u - a scroll of random uselessness {unknown}
 v - 2 scrolls of fear {unknown}
 w - 3 scrolls of identify
Potions
 d - a potion of might
 k - a potion of curing
 l - a potion of cancellation {unknown}
 m - a potion of invisibility {unknown}
 n - a potion of agility {unknown}
 x - a potion of magic {unknown}
 z - a potion of flight {unknown}
Comestibles
 f - 7 rations
 t - 2 chunks of flesh


   Skills:
 + Level 5.3 Fighting
 * Level 5.9 Maces & Flails
 + Level 2.2 Throwing
 + Level 5.3 Armour
 + Level 5.3 Shields
 - Level 2.0 Invocations


You had 7 spell levels left.
You didn't know any spells.
Your spell library was empty.

Dungeon Overview and Level Annotations

Branches:
Dungeon (6/15)
 Temple: D:4-7

Altars:
Cheibriados
Dithmenos
Fedhas
Hepliaklqana
Makhleb
Okawaru
Qazlal
Vehumet


Innate Abilities, Weirdness & Mutations

You are resistant to torment.
Your stone body is resilient. (AC +5)
You are immune to poison.
You resist negative energy. (rN+)
You are resistant to electric shocks. (rElec)
You can survive without breathing.
You are immune to petrification.
You are immune to rotting.


Message History

The ogre shouts!
Found a morningstar.
Found a potion of curing.
The ogre hits you with a +0 giant club!
You sock the ogre!
The ogre is moderately wounded.
The ogre hits you with a +0 giant club.
You hit the ogre but do no damage.
The ogre is moderately wounded.
The ogre hits you with a +0 giant club!
You barely miss the ogre.
The ogre is moderately wounded.
The ogre hits you with a +0 giant club!!
* * * LOW HITPOINT WARNING * * *
You are too injured to fight recklessly!
As you read the scroll labeled BOESMEOWURGH, it crumbles to dust.
It is a scroll of identify.
j - 4 scrolls of remove curse The ogre hits you with a +0 giant club!
You die...

#..........#
#..........#
#######'####
#.# #######.#
..#####.......#
).......#######
..#####..#
#....@.#
....##O..# .#
#....# #....#
...... ........
##!......
#.......#


You could see an ogre.

Vanquished Creatures
  An ice beast (D:5)
  2 phantoms
  3 ogres (D:5)
  A centaur zombie (D:5)
  An orc priest (D:5)
  A hound (D:4)
  A bullfrog skeleton (D:4)
  4 orc wizards (D:5)
  3 worker ants
  A hound zombie (D:4)
  7 adders
  3 gnolls (D:5)
  2 oozes (D:2)
  An adder skeleton (D:6)
  An adder zombie (D:5)
  2 worms
  4 dart slugs
  6 leopard geckos
  10 orcs
  3 ball pythons
  4 giant cockroaches
  7 goblins
  5 hobgoblins
  14 jackals
  4 quokkas
  3 bats
  4 frilled lizards
  7 kobolds
  7 rats
112 creatures vanquished.

Vanquished Creatures (others)
  An ooze (D:3)
  An orc (D:3)
  A hobgoblin (D:3)
  7 toadstools (D:1)
10 creatures vanquished.

Grand Total: 122 creatures vanquished

Notes
Turn   | Place    | Note
-------+----------+-------------------------------------------
     0 | D:1      | Ayyar the Gargoyle Fighter began the quest for the Orb.
     0 | D:1      | Reached XP level 1. HP: 14/14 MP: 1/1
   120 | D:1      | Reached XP level 2. HP: 14/19 MP: 2/2
   695 | D:2      | Reached XP level 3. HP: 23/23 MP: 3/3
   953 | D:2      | Reached XP level 4. HP: 21/29 MP: 4/4
  1602 | D:3      | Reached XP level 5. HP: 28/33 MP: 5/5
  2062 | D:4      | Noticed a phantom
  2097 | D:4      | Killed a phantom
  2097 | D:4      | Reached XP level 6. HP: 29/39 MP: 6/6
  2442 | D:4      | Found a shadowy altar of Dithmenos.
  2442 | D:4      | Found a burning altar of Makhleb.
  2444 | D:4      | Found an iron altar of Okawaru.
  2444 | D:4      | Found a blossoming altar of Fedhas.
  2447 | D:4      | Found a snail-covered altar of Cheibriados.
  2452 | D:4      | Became a worshipper of Warmaster Okawaru
  2999 | D:5      | Entered Level 5 of the Dungeon
  3014 | D:5      | Reached XP level 7. HP: 33/44 MP: 7/7
  3021 | D:5      | HP: 2/44 [ogre/+0 giant spiked club (5)]
  3026 | D:5      | Reached skill level 1 in Throwing
  3026 | D:5      | Reached skill level 1 in Invocations
  3417 | D:5      | Reached skill level 5 in Maces & Flails
  3419 | D:5      | Reached * piety under Okawaru
  3470 | D:5      | Reached skill level 5 in Fighting
  3470 | D:5      | Reached skill level 5 in Armour
  3470 | D:5      | Reached skill level 5 in Shields
  3700 | D:5      | Reached XP level 8. HP: 4/49 MP: 9/9
  4276 | D:5      | Found a radiant altar of Vehumet.
  4763 | D:5      | Found a hazy altar of Hepliaklqana.
  4769 | D:5      | Found a stormy altar of Qazlal.
  4970 | D:6      | Slain by an ogre

Levels and vault maps discovered:
D:1:      nagdon_arrival_double_spiral, layout_basic, glass_columns_a
D:2:      layout_rooms
D:3:      layout_basic, lemuel_flame_loot_1
D:4:      layout_cave_pods, grunt_temple_overflow_open, nrook_mini_backslash,
          kennysheep_generic_room_14
D:5:      layout_loops_ring, vehumet_crystals, amethyst_overflow_temple_binary,
          first_ration, minmay_puff
D:6:      minmay_general_purpose_star, layout_basic, minmay_checkerbox
